 Dungeon Sprint DCSS version 0.28-a0-1234-g826d19b2e0 (webtiles) character file.

Game seed: 9596459914112713636

16324 mhtbhm the Severer (level 12, -3/288 HPs)
             Began as a Minotaur Fighter on Dec 23, 2021.
             Was an Initiate of Gozag.
             Slain by a balrug (13 damage)
             ... in the Dungeon (Sprint VII: "The Pits").
             The game lasted 00:08:38 (3839 turns).

mhtbhm the Severer (Minotaur Fighter)               Turns: 3839, Time: 00:08:38

Health: -3/288     AC: 29    Str: 27    XL:     12   Next: 9%
Magic:  11/11      EV:  2    Int:  5    God:    Gozag
Gold:   1780       SH:  7    Dex:  9    Spells: 11/11 levels left

rFire   + . .      SeeInvis .   a - +2 war axe (vorpal)
rCold   + . .      Faith    .   c - +0 buckler
rNeg    . . .      Spirit   .   (armour currently unavailable)
rPois   +          Reflect  .   (helmet currently unavailable)
rElec   +          Harm     .   (cloak currently unavailable)
rCorr   +          Rampage  .   (gloves currently unavailable)
Will    .....      NoTele   +   (boots currently unavailable)
Stlth   ..........              (no amulet)
HPRegen 0.58/turn               n - +3 ring of protection
MPRegen 0.12/turn               t - ring of wizardry

@: mighty, berserking, on fire, tree-form, resistant, gold aura, glowing,
invisible (but backlit and visible), very quick
A: stationary, stasis, torment immunity, boosted hp, (horns 2), (retaliatory
headbutt)
a: End Transformation, Renounce Religion, Potion Petition, Call Merchant, Bribe
Branch


You were in the Dungeon.
You worshipped Gozag.
Gozag was most pleased with you.
You were a tree.
You visited 1 branch You collected 7051 gold pieces.
You spent 2572 gold pieces at shops.
You paid 2699 gold pieces to Gozag.

Inventory:

Hand Weapons
 a - a +2 vorpal war axe (weapon)
Armour
 b - the +10 plate armour "Ewnauv" (melded) {Fly rPois}
   (You bought it in a shop in the Dungeon)

   rPois:     It protects you from poison.
   Fly:       It grants you flight.
 c - a +0 buckler (worn)
 r - a +2 tower shield of protection
 s - a +0 cloak (melded)
 u - the +3 pair of gauntlets of War (melded) {Slay+5}
   (You bought it in a shop in the Dungeon)

   Slay:      It affects your accuracy & damage with ranged weapons and melee
   (+5).
Jewellery
 n - a +3 ring of protection (left branch)
 o - a +3 ring of intelligence
 t - a ring of wizardry (right branch)
 w - a ring of protection from cold
 A - a ring of ice
Wands
 m - a wand of paralysis (9)
Scrolls
 j - 2 scrolls of blinking
 l - 6 scrolls of amnesia
 v - a scroll of identify
 x - a scroll of fear
 y - 3 scrolls of fog
 z - 6 scrolls of enchant armour
 B - 2 scrolls of brand weapon
Potions
 d - 3 potions of might
 e - 10 potions of curing
 f - 9 potions of heal wounds
 g - 5 potions of haste
 h - 4 potions of magic
 i - 3 potions of berserk rage
 k - 2 potions of invisibility
 p - 2 potions of brilliance
 q - 4 potions of mutation
 C - a potion of attraction


   Skills:
 + Level 18.3 Fighting
 + Level 20.7 Axes
 + Level 19.0 Armour
 + Level 6.2 Dodging
 + Level 5.3 Stealth
 + Level 13.6 Shields


You had 11 spell levels left.
You didn't know any spells.
Your spell library was empty.

Dungeon Overview and Level Annotations

Branches:
Dungeon (1/1)

Altars:
Ashenzari
Cheibriados
Dithmenos
Elyvilon
Fedhas
Gozag
Hepliaklqana
Kikubaaqudgha
Makhleb
Nemelex Xobeh
Okawaru
Qazlal
Ru
Sif Muna
Trog
Uskayaw
Vehumet
Wu Jian
Xom
Yredelemnul
Zin
The Shining One
Beogh
Jiyva
Lugonu

Shops:
D [


Innate Abilities, Weirdness & Mutations

You are a tree.
Your roots penetrate the ground, keeping you stationary.
You cannot be teleported.
You are immune to unholy pain and torment.
Your maximum health is greatly increased.
Your equipment is partially melded.
((You have a pair of horns on your head.))
((You reflexively headbutt those who attack you in melee.))


Message History

The hell knight is severely wounded.
You miss the balrug.
The hell knight is distracted by your dazzling golden aura.
The hell knight shouts!
You slice the hell knight!!
You kill the hell knight!
You closely miss the balrug.
The balrug is distracted by your dazzling golden aura.
Your Armour skill increases to level 19!
You barely miss the balrug.
The balrug is no longer distracted by gold.
The balrug shouts!
You slash the balrug!
The balrug is moderately wounded.
The balrug hits you with a +0 demon whip!
* * * LOW HITPOINT WARNING * * *
You are engulfed in flames!
You resist.
* * * LOW HITPOINT WARNING * * *
You hit the balrug but do no damage.
The balrug is lightly wounded.
You hit the balrug.
The balrug is moderately wounded.
The balrug gestures at you.
The sticky flame hits you but does no damage.
You are covered in liquid flames!
You closely miss the balrug.
The balrug is moderately wounded.
You are covered in liquid flames!
* * * LOW HITPOINT WARNING * * *
Unknown command.
You closely miss the balrug.
The balrug is moderately wounded.
You are covered in liquid flames!
* * * LOW HITPOINT WARNING * * *
The hell knight is no longer moving quickly.
The balrug hits you with a +0 demon whip.
* * * LOW HITPOINT WARNING * * *
You are engulfed in flames!
You resist.
You die...
Your body crumbles into a pile of gold.

##########..#....#..
........''..........
........''..........
#+####..##..#....#..
#..##.......... #..##..........
#..####''####++
#..####''####++#########
#..##.$♣$..##...........
##########..##.#2##.##...........
............##.#.p .##..#########
............## ')"# ##..#
#''########## #=.' #..#
#''########## +:"#. #..#
........##..# ##+#. #..#
.#......##..# ##..# ........''..#
#..#


You could see a balrug and a hell knight.

Vanquished Creatures
  A catoblepas (D)
  A boulder beetle (D)
  Erica (D)
  A two-headed ogre (D)
  A spriggan berserker (D)
  3 hell knights (D)
  A shadow wraith (D)
  A deep troll (D)
  A sea snake (D)
  A phantasmal warrior (D)
  A necromancer (D)
  An ugly thing (D)
  A deep elf pyromancer (D)
  A manticore (D)
  2 cyclopes (D)
  A guardian serpent (D)
  A rime drake (D)
  Psyche (D)
  An unseen horror (D)
  3 komodo dragons (D)
  An ice devil (D)
  2 guardian mummies (D)
  A hornet (D)
  4 dream sheep (D)
  4 slime creatures (D)
  A snapping turtle (D)
  A flying skull (D)
  A spriggan (D)
  A wyvern (D)
  2 redbacks (D)
  A ynoxinul (D)
  2 fire bats (D)
  A steam dragon (D)
  A chaos spawn (D)
  2 small abominations (D)
  An acid dragon (D)
  2 water moccasins (D)
  2 sky beasts (D)
  2 ogres (D)
  A necrophage (D)
  A centaur (D)
  2 scorpions (D)
  3 wights (D)
  A hound (D)
  An orc priest (D)
  An iguana (D)
  An iron imp (D)
  A hell rat (D)
  A gnoll (D)
  An adder (D)
  A river rat (D)
  An ufetubus (D)
  2 orcs (D)
  A bat skeleton (D)
  An endoplasm (D)
  A giant cockroach (D)
  2 goblins (D)
  7 jackals (D)
  2 quokkas (D)
  2 ball pythons (D)
  A kobold (D)
  A quokka simulacrum (D)
  A rat (D)
94 creatures vanquished.

Notes
Turn   | Place    | Note
-------+----------+-------------------------------------------
     0 | D        | mhtbhm the Minotaur Fighter began the quest for the Orb.
     0 | D        | Reached XP level 1. HP: 19/19 MP: 0/0
    35 | D        | Found a bloodstained altar of Trog.
    35 | D        | Found a shimmering blue altar of Sif Muna.
    35 | D        | Found a viscous altar of Jiyva.
    35 | D        | Found a hazy altar of Hepliaklqana.
    35 | D        | Found an opulent altar of Gozag.
    36 | D        | Found a glowing golden altar of the Shining One.
    36 | D        | Found a glowing silver altar of Zin.
    36 | D        | Found a basalt altar of Yredelemnul.
    36 | D        | Found a shimmering altar of Xom.
    36 | D        | Found an ornate altar of the Wu Jian Council.
    36 | D        | Found a sacrificial altar of Ru.
    36 | D        | Found a stormy altar of Qazlal.
    36 | D        | Found an iron altar of Okawaru.
    36 | D        | Found a sparkling altar of Nemelex Xobeh.
    36 | D        | Found a burning altar of Makhleb.
    36 | D        | Found a blossoming altar of Fedhas.
    36 | D        | Found a white marble altar of Elyvilon.
    36 | D        | Found a shadowy altar of Dithmenos.
    36 | D        | Found a snail-covered altar of Cheibriados.
    38 | D        | Found a radiant altar of Vehumet.
    38 | D        | Found a corrupted altar of Lugonu.
    39 | D        | Found a hide-covered altar of Uskayaw.
    39 | D        | Found an ancient bone altar of Kikubaaqudgha.
    39 | D        | Found a broken altar of Ashenzari.
    59 | D        | Became a worshipper of Gozag Ym Sagoz the Greedy
   111 | D        | Reached XP level 2. HP: 19/28 MP: 1/1
   214 | D        | Reached skill level 3 in Axes
   214 | D        | Reached skill level 5 in Armour
   216 | D        | Reached skill level 5 in Fighting
   266 | D        | Reached skill level 5 in Shields
   272 | D        | Reached XP level 3. HP: 19/36 MP: 2/2
   509 | D        | Reached skill level 4 in Axes
   509 | D        | Reached XP level 4. HP: 37/45 MP: 3/3
   510 | D        | Reached skill level 1 in Dodging
   562 | D        | Noticed an ogre
   562 | D        | Noticed a fire bat
   562 | D        | Noticed a fire bat
   572 | D        | Killed a fire bat
   573 | D        | Reached skill level 6 in Axes
   573 | D        | Reached skill level 1 in Stealth
   573 | D        | Reached XP level 5. HP: 49/55 MP: 4/4
   611 | D        | Reached XP level 6. HP: 50/62 MP: 5/5
   616 | D        | Reached skill level 10 in Armour
   640 | D        | Reached skill level 7 in Axes
   927 | D        | Killed a fire bat
   928 | D        | Reached XP level 7. HP: 63/71 MP: 6/6
   974 | D        | Reached skill level 8 in Axes
   977 | D        | Noticed a steam dragon
   984 | D        | Killed a steam dragon
   985 | D        | Reached skill level 10 in Fighting
   994 | D        | Reached skill level 9 in Axes
  1231 | D        | Noticed a deep elf pyromancer
  1231 | D        | Noticed a guardian mummy
  1234 | D        | Noticed a fire elemental
  1234 | D        | Noticed a fire elemental
  1240 | D        | Noticed a fire elemental
  1240 | D        | Noticed a fire elemental
  1241 | D        | Killed a guardian mummy
  1242 | D        | Reached skill level 10 in Axes
  1242 | D        | Reached skill level 10 in Shields
  1242 | D        | Reached XP level 8. HP: 81/81 MP: 7/7
  1244 | D        | Killed a deep elf pyromancer
  1245 | D        | Reached skill level 11 in Axes
  1419 | D        | Noticed a komodo dragon
  1432 | D        | Reached skill level 12 in Axes
  1438 | D        | Killed a komodo dragon
  1439 | D        | Reached XP level 9. HP: 64/90 MP: 8/8
  1562 | D        | Noticed a brown ugly thing
  1612 | D        | Killed a brown ugly thing
  1613 | D        | Reached skill level 13 in Axes
  1733 | D        | Noticed a sea snake
  1734 | D        | Noticed a catoblepas
  1763 | D        | Killed a catoblepas
  1764 | D        | Reached skill level 14 in Axes
  1764 | D        | Reached skill level 15 in Armour
  1767 | D        | Killed a sea snake
  1768 | D        | Reached skill level 15 in Axes
  2102 | D        | Noticed a manticore
  2107 | D        | Reached XP level 10. HP: 100/101 MP: 9/9
  2120 | D        | Reached skill level 16 in Axes
  2122 | D        | Killed a manticore
  2249 | D        | Noticed Erica
  2311 | D        | Killed Erica
  2321 | D        | Reached skill level 17 in Axes
  2701 | D        | Noticed a phantasmal warrior
  2711 | D        | Killed a phantasmal warrior
  2712 | D        | Reached skill level 18 in Axes
  2804 | D        | Noticed Psyche
  2823 | D        | Killed Psyche
  2824 | D        | Reached skill level 15 in Fighting
  2824 | D        | Reached XP level 11. HP: 94/112 MP: 10/10
  2903 | D        | Noticed a boulder beetle
  2913 | D        | Killed a boulder beetle
  3208 | D        | Reached skill level 19 in Axes
  3326 | D        | Noticed a two-headed ogre
  3340 | D        | Killed a two-headed ogre
  3436 | D        | Bought the +3 pair of gauntlets of War {Slay+5} for 1472
                  | gold pieces
  3436 | D        | Found the +3 pair of gauntlets of War {Slay+5}
  3442 | D        | Bought a polished plate armour for 868 gold pieces
  3442 | D        | Identified the +10 plate armour "Ewnauv" {Fly rPois} (You
                  | bought it in a shop in the Dungeon)
  3462 | D        | Bought a glowing tower shield for 232 gold pieces
  3464 | D        | Noticed a deep troll
  3483 | D        | Killed a deep troll
  3484 | D        | Reached skill level 5 in Dodging
  3490 | D        | Killed a shadow wraith
  3491 | D        | Reached skill level 20 in Axes
  3491 | D        | Reached skill level 5 in Stealth
  3804 | D        | Noticed a spriggan berserker
  3804 | D        | Noticed a hell knight
  3804 | D        | Noticed a hell knight
  3804 | D        | Noticed a hell knight
  3804 | D        | Noticed a necromancer
  3804 | D        | Noticed a hell knight
  3804 | D        | Noticed a balrug
  3813 | D        | Killed a spriggan berserker
  3817 | D        | Killed a hell knight
  3817 | D        | Killed a necromancer
  3829 | D        | Killed a hell knight
  3830 | D        | Reached XP level 12. HP: 33/127 MP: 11/11
  3839 | D        | HP: 10/288 [balrug (5)]
  3839 | D        | Slain by a balrug

Illustrated notes

Levels and vault maps discovered:
D:        pitsprint [storerooms_1, entrance_room_1, metal_vault_1, armoury_1,
          mini_pit_1, grid_room_1, main_hall_1, silver_pit, the_coven_2,
          the_vestibule_1, steel_vault_5, golden_pit, hallway_of_sentries,
          crystal_vault_4, iron_vault_4, final_vault]

Skill      XL: |  1  2  3  4  5  6  7  8  9 10 11 12 |
---------------+-------------------------------------+-----
Fighting       | 4 5 6 8 9 10 11 13 15 18 | 18.3
Armour         | 4 5 6 9 11 12 14 15 17 18 19 | 19.0
Shields        | 4 5 6 8 9 10 11 13 | 13.6
Axes           | 3 4 6 7 10 12 15 18 20 | 20.7
Dodging        | 1 2 3 4 6 |  6.2
Stealth        | 1 2 3 4 5 |  5.3

Action                   |  1- 3 |  4- 6 |  7- 9 | 10-12 || total
-------------------------+-------+-------+-------+-------++-------
Melee: Hand axe          |    28 |    32 |    35 |       ||    95
       War axe           |     6 |       |    53 |   178 ||   237
       Headbutt          |     7 |     7 |    16 |    30 ||    60
Invok: Potion Petition   |       |       |     1 |     2 ||     3
       Call Merchant     |       |       |       |     1 ||     1
  Use: Potion            |       |       |     2 |     2 ||     4
       Scroll            |       |       |     1 |       ||     1
 Stab: Distracted        |       |       |     1 |     1 ||     2
       Invisible         |       |       |       |     1 ||     1
Armor: Scale mail        |     9 |       |       |       ||     9
       Plate armour      |     4 |    24 |    39 |    97 ||   164
       Skin              |       |       |       |    13 ||    13
Dodge: Dodged            |    18 |     8 |    19 |    45 ||    90
Block: Buckler           |     7 |     6 |    10 |    43 ||    66

Table legend: (Time is in decaauts)
 A = Elapsed time spent in this place.
 B = Non-inter-level travel time spent in this place.
 C = Inter-level travel time spent in this place.
 D = Time resting spent in this place.
 E = Time spent auto-exploring this place.
 F = Levels seen in this place.
 G = Mean time per level.
                   A        B        C        D        E       F      G
               +--------+--------+--------+--------+--------+-----+--------+
         Total |   3764 |   3764 |      0 |   2229 |     99 |   1 | 3764.0 |
       Dungeon |   3764 |   3764 |      0 |   2229 |     99 |   1 | 3764.0 |
               +--------+--------+--------+--------+--------+-----+--------+

Top non-repeatable levels by time:
       D: 3764 daAuts
